AoeStats
← waLLefps.

Arena

507493665Analyzed
1v1 RM · 12d ago on Sep 18, 2026· 34m 31s· 2 players
Game mode
Random Map
Map size
Tiny (2 player)
Population
200
Speed
Normal
Resources
Standard
Victory
Conquest
Starting age
Dark Age
Ending age
Imperial Age
RankedLock teamsTeams togetherTeam positionsShared explorationLock speedFull tech treeHidden civsTurbo modeCheats
Victory
Defeat
🇹🇷 Malay · Türkiye
1354
+18
🇬🇧 Aztecs · United Kingdom
1387
-18
waLLefps.
12:43 Feudal Age
15:58 Castle Age
13:58 Double-Bit Axe
13:54 Horse Collar
15:50 Bow Saw
15:41 Heavy Plow
25:27 Wheelbarrow
25:08 Loom
25:44 Gold Mining
27:16 Fletching
28:14 Stone Mining
32:03 Imperial Age
30:29 Forging
31:00 Hand Cart
30:31 Town Watch
32:33 Iron Casting
32:20 Conscription
33:56 Bodkin Arrow
34:23 Ballistics
35:03 Chemistry
Undermiracle
8:18 Loom
10:15 Feudal Age
16:00 Castle Age
14:06 Horse Collar
16:31 Forging
16:36 Gold Mining
21:51 Fervor
21:36 Double-Bit Axe
23:00 Sanctity
22:24 Eagle Warrior
24:00 Gold Shaft Mining
24:47 Wheelbarrow
25:09 Iron Casting
27:20 Hand Cart
30:14 Imperial Age
27:52 Squires
27:37 Gambesons
28:25 Scale Mail Armor
28:50 Bow Saw
30:51 Chain Mail Armor
30:32 Elite Eagle Warrior
30:49 Elite Eagle Warrior
Connection lost

Rejoining the realm…

Still unreachable

The connection could not be restored.

Session expired

The server has moved on; the page needs a fresh start.